 Dungeon Crawl Stone Soup version 0.32-a0-630-g46d191b0ed (webtiles) character file.

Game seed: 6494306415072177304

161 Dittersdorf the Covered (level 5, -4/33 HPs)
             Began as a Gargoyle Fighter on Mar 6, 2024.
             Slain by an orc
             ... wielding a +0 mace
              (7 damage)
             ... on level 4 of the Dungeon.
             The game lasted 00:02:43 (2638 turns).

Dittersdorf the Covered (Gargoyle Fighter)          Turns: 2638, Time: 00:02:44

Health: -4/33      AC: 11    Str: 21    XL:     5   Next: 42%
Magic:  5/5        EV:  9    Int:  9    God:
Gold:   74         SH:  4    Dex:  9    Spells: 4/4 levels left

rFire   . . .        o - +1 flail (venom)
rCold   . . .        c - +0 buckler
rNeg    + . .        b - +0 scale mail
rPois   ∞            (no helmet)
rElec   +            (no cloak)
rCorr   .            (no gloves)
SInv    .            (no boots)
Will    .....        (no amulet) Stlth
                     (no ring)
HPRegen 0.25/turn    (no ring)
MPRegen 0.09/turn

%: no passive effects
@: no status effects
A: sickness immunity, AC +4, negative energy resistance 1, electricity
resistance, torment resistance 1, petrification resistance
a: no special abilities


You were on level 4 of the Dungeon.
You visited 1 branch of the dungeon, and saw 4 of its levels.

You collected 74 gold pieces.

Inventory:

Hand Weapons
 o - a +1 flail of venom (weapon)
Armour
 b - a +0 scale mail (worn)
 c - a +0 buckler (worn)
Wands
 a - a wand of polymorph (9)
Scrolls
 f - a scroll of blinking {unknown}
 j - a scroll of teleportation
 k - a scroll of fear {unknown}
 m - a scroll of vulnerability {unknown}
Potions
 d - a potion of might
 e - a potion of lignification {unknown}
 h - a potion of curing {unknown}
 i - a potion of enlightenment {unknown}
 n - a potion of brilliance
 p - a potion of heal wounds


   Skills:
 + Level 4.2 Fighting
 + Level 3.2 Maces & Flails
 + Level 4.3 Armour
 + Level 4.2 Shields


You had 4 spell levels left.
You didn't know any spells.
Your spell library contained the following spells:

 Spells                   Type           Power      Damage    Failure   Level
 Apportation              Tloc           0%         N/A       78%         1
 Necrotise                Necr           0%         1d4       78%         1
 Sting                    Conj/Alch      0%         1d3       78%         1
 Summon Small Mammal      Summ           0%         N/A       78%         1
 Lesser Beckoning         Tloc           0%         N/A       89%         2
 Gell's Gravitas          Tloc           0%         N/A       98%         3
 Teleport Other           Tloc           0%         N/A       98%         3


Dungeon Overview and Level Annotations

Branches:
Dungeon (4/15)
 Temple: D:4-7

Altars:
Ashenzari
Wu Jian

Shops:
D:1 [


Innate Abilities, Weirdness & Mutations

You are immune to sickness and miasma.
Your stone body is resilient. (AC +4)
You are immune to poison.
You resist negative energy. (rN+)
You are resistant to electric shocks. (rElec)
You are resistant to unholy torment.
You are immune to petrification.


Message History

You are too injured to fight recklessly!
You are too injured to fight recklessly!
You are too injured to fight recklessly!
You are too injured to fight recklessly!
You are too injured to fight recklessly!
You are too injured to fight recklessly!
You are too injured to fight recklessly!
You are too injured to fight recklessly!
The orc hits you but does no damage.
The orc wizard attacks as it pursues you!
The orc wizard hits you but does no damage.
The orc barely misses you.
You see here a book of Blood.
The jelly jiggles.
The orc wizard attacks as it pursues you!
The orc wizard barely misses you.
The orc wizard attacks as it pursues you!
The orc wizard barely misses you.
The orc wizard gestures at you while chanting.
You are confused.
You hit the orc wizard but do no damage.
The orc wizard is poisoned.
The orc wizard mumbles some strange words.
The orc wizard flickers and vanishes!
Deactivating autopickup; reactivate with Ctrl-A.
You bump into the rock wall.
The orc hits you with a +0 mace. Something hits you but does no damage.
You bump into the rock wall.
The orc hits you but does no damage. Something hits you but does no damage.
You bump into the rock wall.
The orc hits you with a +0 mace.
* * * LOW HITPOINT WARNING * * *
Something hits you but does no damage.
You bump into the rock wall.
You feel less confused. The orc hits you with a +0 mace.
* * * LOW HITPOINT WARNING * * *
Something hits you but does no damage.
The jelly jiggles.
The orc hits you with a +0 mace!
You die...

.........# ........
............ .. #..........
#.###..........
#.............# ###
#..##.....##.# ##.###
.###.....$..##@#####....#
.............#o#..#.....###
............##{J......<...#
.......).:..#..#.#.......##
###.....##.....###.....###
##.....##...## #.##.##
#..#...##..## #.....#
....#!..###.# ##.#### ...#
....# ... ..#


You could see a jelly and an orc.

Vanquished Creatures
  A sleepcap (D:3)
  Ijyb (D:3)
  2 adders (D:3)
  3 dart slugs
  A ribbon worm (D:2)
  8 orcs
  3 endoplasms
  A giant cockroach (D:1)
  8 goblins
  4 hobgoblins
  13 jackals
  4 kobolds
  5 quokkas
  5 ball pythons
  2 bats
  3 frilled lizards
  A rat (D:1)
65 creatures vanquished.

Notes
Turn   | Place    | Note
-------+----------+-------------------------------------------
     0 | D:1      | Dittersdorf the Gargoyle Fighter began the quest for the
                  | Orb.
     0 | D:1      | Reached XP level 1. HP: 14/14 MP: 1/1
    29 | D:1      | Reached XP level 2. HP: 16/19 MP: 2/2
   121 | D:1      | Found Jikhlyu's Antique Armour Emporium.
   510 | D:1      | Reached XP level 3. HP: 23/23 MP: 3/3
   855 | D:1      | Found a faded altar of an unknown god.
  1314 | D:2      | Found a broken altar of Ashenzari.
  1722 | D:2      | Reached XP level 4. HP: 26/29 MP: 4/4
  2100 | D:3      | Reached XP level 5. HP: 20/33 MP: 5/5
  2221 | D:3      | Noticed Ijyb
  2226 | D:3      | Killed Ijyb
  2264 | D:3      | Found an ornate altar of the Wu Jian Council.
  2638 | D:4      | Slain by an orc

Illustrated notes

Levels and vault maps discovered:
D:1:      matt_arrival_grand_opening, layout_loops_corners, serial_shops,
          nicolae_shop_waterfront, shapermc_ecumenical_altar_hornbeckon
D:2:      layout_basic, basic_altar, st_stairs_9
D:3:      layout_rooms, nicolae_wu_jian_wuxing_cycle, uniq_ijyb
D:4:      layout_cave_pools, nicolae_uskayaw_murder_on_the_dancefloor,
          minmay_temple_entry_purple_smoke, serial_park_tiny_pond,
          dk_vineyard_3, uniq_sigmund

Skill      XL: |  1  2  3  4 |
---------------+-------------+-----
Armour         | 4 |  4.3
Fighting       | 4 |  4.2
Shields        | 4 |  4.2
Maces & Flails | 3 |  3.2

Action                     |  1- 3 |  4- 6 || total
---------------------------+-------+-------++-------
  Melee: Flail             |   133 |    83 ||   216
         Unarmed           |       |     3 ||     3
    Use: Scroll            |       |     4 ||     4
 Armour: Scale mail        |   152 |    75 ||   227
  Dodge: Dodged            |    84 |    37 ||   121
  Block: Buckler           |    43 |    16 ||    59

Table legend: (Time is in decaauts)
 A = Elapsed time spent in this place.
 B = Non-inter-level travel time spent in this place.
 C = Inter-level travel time spent in this place.
 D = Time resting spent in this place.
 E = Time spent auto-exploring this place.
 F = Levels seen in this place.
 G = Mean time per level.
                   A        B        C        D        E       F      G
               +--------+--------+--------+--------+--------+-----+--------+
         Total |   2707 |   2591 |    116 |    221 |   1850 |   4 |  676.8 |
       Dungeon |   2707 |   2591 |    116 |    221 |   1850 |   4 |  676.8 |
               +--------+--------+--------+--------+--------+-----+--------+

Top non-repeatable levels by time:
     D:1: 1018 daAuts
     D:2: 867 daAuts
     D:3: 777 daAuts
     D:4: 43 daAuts
